[Event "ICC tourney 2219 (45 10)"]
[Site "Internet Chess Club"]
[Date "2020.12.19"]
[Round "2"]
[White "GeorgeDai"]
[Black "RisingRook"]
[Result "1-0"]
[ICCResult "Black resigns"]
[WhiteElo "2060"]
[BlackElo "1966"]
[Opening "QGD: 4.Nf3"]
[ECO "D37"]
[NIC "QP.06"]
[Time "12:31:13"]
[PlyCount "57"]
[TimeControl "2700+10"]

1. d4 Nf6 2. Nf3 d5 3. c4 e6 4. Nc3 Be7 5. cxd5 exd5 6. Bg5 O-O 7. e3 Bf5
8. Qb3 Nbd7 9. Nxd5 Nxd5 10. Qxd5 Bg4 11. Bxe7 Qxe7 12. Qb3 Bxf3 13. gxf3
c5 14. O-O-O cxd4 15. Rxd4 a5 16. Kb1 Ne5 17. Be2 Qf6 18. Ka1 b5 19. Bxb5
Qxf3 20. Qd5 Qf6 21. Rhd1 Rfb8 22. a4 Ng6 23. Qg2 Nf8 24. Rf4 Qe7 25. Qe4
Qc7 26. Rxf7 Qxh2 27. Bc4 h6 28. Ra7+ Kh8 29. Rxa8 { Black resigns } 1-0

[Event "ICC tourney 2219 (45 10)"]
[Site "Internet Chess Club"]
[Date "2020.12.19"]
[Round "2"]
[White "zuz1209"]
[Black "marble"]
[Result "0-1"]
[ICCResult "White checkmated"]
[WhiteElo "2228"]
[BlackElo "2537"]
[Opening "Robatsch defense"]
[ECO "B06"]
[NIC "KF.05"]
[Time "12:30:58"]
[PlyCount "178"]
[TimeControl "2700+10"]

1. e4 g6 2. d4 Bg7 3. Nc3 c6 4. f4 d5 5. e5 Nh6 6. Nf3 Bg4 7. h3 Bxf3 8.
Qxf3 Nf5 9. Ne2 e6 10. g4 Nh4 11. Qf2 c5 12. c3 Nc6 13. Be3 cxd4 14. cxd4
h6 15. Nc3 g5 16. f5 f6 17. O-O-O O-O 18. Qc2 exf5 19. Nxd5 fxe5 20. dxe5
Kh8 21. Nb6 axb6 22. Rxd8 Rfxd8 23. Bxb6 Rdc8 24. Kb1 Nxe5 25. Qb3 Nhf3 26.
Be3 f4 27. Bc1 Rc5 28. Bg2 Nd4 29. Qb4 Nd3 30. Qd2 Nxc1 31. Rxc1 Rxc1+ 32.
Qxc1 f3 33. Bf1 Re8 34. a3 b5 35. Qd2 Rf8 36. Qf2 Bf6 37. Bd3 Kg7 38. Ka2
Be5 39. Qe3 Bf6 40. Qe4 Kf7 41. Qh7+ Ke6 42. Qe4+ Kd6 43. Qb7 Rd8 44. Qb6+
Ke5 45. Qc7+ Rd6 46. Qc1 Ke6 47. Qe3+ Kd7 48. Be4 Re6 49. Qd3 f2 50. Bf5
Ke7 51. Bxe6 Nxe6 52. Qxb5 Bd4 53. a4 Kd6 54. a5 Nc7 55. Qd3 Ke5 56. Qe2+
Kd6 57. a6 Nd5 58. a7 Bxa7 59. Qa6+ Bb6 60. Qd3 Kc6 61. Qf3 Kd6 62. Qf8+
Ke5 63. Qf5+ Kd6 64. Qd3 Kc6 65. Qe2 Kd6 66. Kb3 Bd4 67. Qa6+ Ke5 68. Qe2+
Kd6 69. Ka3 Ne3 70. Qa6+ Ke5 71. Qa5+ Ke4 72. Qa8+ Kd3 73. Qa6+ Kd2 74.
Qa5+ Ke2 75. Qa6+ Kf3 76. Qc6+ Ke2 77. Qa6+ Kd2 78. Qa5+ Kd3 79. Qa6+ Ke4
80. Qc6+ Kf4 81. Qd6+ Be5 82. Qf8+ Kg3 83. Qxh6 f1=Q 84. Qxg5 Qa1+ 85. Kb4
Qxb2+ 86. Kc5 Qd4+ 87. Kb5 Qd5+ 88. Ka4 Qc4+ 89. Ka5 Bc7# { White
checkmated } 0-1

[Event "ICC tourney 2219 (45 10)"]
[Site "Internet Chess Club"]
[Date "2020.12.19"]
[Round "2"]
[White "KnightHopper"]
[Black "MrNormalName"]
[Result "1-0"]
[ICCResult "Black checkmated"]
[WhiteElo "2039"]
[BlackElo "2181"]
[Opening "Scotch game"]
[ECO "C45"]
[NIC "SO.05"]
[Time "12:31:49"]
[PlyCount "101"]
[TimeControl "2700+10"]

1. e4 e5 2. Nf3 Nc6 3. d4 exd4 4. Nxd4 Bc5 5. Be3 Qf6 6. c3 Nge7 7. Be2 Bb6
8. O-O d5 9. Nb5 a6 10. Bxb6 axb5 11. Bxc7 dxe4 12. Bxb5 O-O 13. Nd2 Qg6
14. Qe2 Nd5 15. Bg3 f5 16. Bc4 Be6 17. f3 exf3 18. Qxf3 Rad8 19. Rae1 f4
20. Bh4 Rd7 21. Nb3 b6 22. a4 Qh6 23. Bf2 Nce7 24. Rxe6 Qxe6 25. Re1 Qg6
26. Rxe7 Rxe7 27. Qxd5+ Kh8 28. Bd3 Qg4 29. Qf3 Qd7 30. Bb5 Qe6 31. c4 Qg6
32. h3 Qb1+ 33. Kh2 Qxb2 34. Nd4 Qc1 35. Nf5 Re5 36. Nd6 h6 37. c5 bxc5 38.
Bc4 Re7 39. a5 Qa1 40. a6 Qe5 41. Nb5 Qa1 42. a7 Rd7 43. Bxc5 Rfd8 44. Nd6
Rxa7 45. Bxa7 Rxd6 46. Qxf4 Rd1 47. Qf8+ Kh7 48. Bg8+ Kg6 49. Qf7+ Kg5 50.
Be3+ Kh4 51. g3# { Black checkmated } 1-0

[Event "ICC tourney 2219 (45 10)"]
[Site "Internet Chess Club"]
[Date "2020.12.19"]
[Round "3"]
[White "breaker90"]
[Black "rjc64uk"]
[Result "1-0"]
[ICCResult "Black resigns"]
[WhiteElo "2112"]
[BlackElo "2100"]
[Opening "Sicilian: Nimzovich-Rubinstein variation"]
[ECO "B29"]
[NIC "SI.43"]
[Time "15:01:41"]
[PlyCount "37"]
[TimeControl "2700+10"]

1. e4 c5 2. Nf3 Nf6 3. e5 Nd5 4. Nc3 e6 5. d4 Nc6 6. Be3 Nxc3 7. bxc3 Qa5
8. Qd2 cxd4 9. Bxd4 Nxd4 10. Qxd4 Bc5 11. Qd2 O-O 12. Bd3 f6 13. exf6 Rxf6
14. O-O b6 15. Ng5 h6 16. Be4 Rb8 17. Nh7 Rf7 18. Bg6 Re7 19. Qf4 { Black
resigns } 1-0

[Event "ICC tourney 2219 (45 10)"]
[Site "Internet Chess Club"]
[Date "2020.12.19"]
[Round "3"]
[White "Drachekokosnuss"]
[Black "chessw23"]
[Result "0-1"]
[ICCResult "White resigns"]
[WhiteElo "2100"]
[BlackElo "1961"]
[Opening "Ruy Lopez: fianchetto (Smyslov/Barnes) defense"]
[ECO "C60"]
[NIC "RL.03"]
[Time "15:01:59"]
[PlyCount "48"]
[TimeControl "2700+10"]

1. e4 e5 2. Nf3 Nc6 3. Bb5 g6 4. O-O Bg7 5. c3 a6 6. Ba4 b5 7. Bc2 Nge7 8.
d4 exd4 9. cxd4 d6 10. h3 O-O 11. Be3 f5 12. Bb3+ Kh8 13. Ng5 f4 14. Bc1 d5
15. exd5 Nxd5 16. Qf3 Qxg5 17. Qxd5 Qxd5 18. Bxd5 Bb7 19. Rd1 Rad8 20. Bxc6
Bxc6 21. Nc3 Bxd4 22. Bd2 b4 23. Ne2 Bxb2 24. Rab1 Ba4 { White resigns }
0-1

[Event "ICC tourney 2219 (45 10)"]
[Site "Internet Chess Club"]
[Date "2020.12.19"]
[Round "3"]
[White "phoenix10q72"]
[Black "TjkTiger"]
[Result "1-0"]
[ICCResult "Black resigns"]
[WhiteElo "2264"]
[BlackElo "2602"]
[Opening "Sicilian: accelerated fianchetto, Maróczy bind, 6.Be3"]
[ECO "B38"]
[NIC "SI.43"]
[Time "15:02:32"]
[PlyCount "77"]
[TimeControl "2700+10"]

1. e4 c5 2. Nf3 g6 3. d4 cxd4 4. Nxd4 Bg7 5. c4 Nc6 6. Be3 Qb6 7. Nb5 Qa5+
8. N5c3 Nf6 9. Bd3 d6 10. f3 Qb4 11. a3 Qa5 12. O-O O-O 13. Nd2 Be6 14. b4
Qd8 15. Rc1 Nd7 16. f4 f5 17. Nf3 Kh8 18. Ng5 Bg8 19. exf5 gxf5 20. Rf3 e5
21. Rh3 exf4 22. Bxf4 Nce5 23. Nd5 Nxd3 24. Qxd3 Ne5 25. Rxh7+ Bxh7 26. Qh3
Qxg5 27. Bxg5 f4 28. Bxf4 Nd3 29. Rf1 Rae8 30. Be3 Rxf1+ 31. Kxf1 Nb2 32.
Qh4 Kg8 33. Ne7+ Kf8 34. Bg5 Bd3+ 35. Kf2 Bxc4 36. Bf6 Nd3+ 37. Kg3 b5 38.
Nf5 Kf7 39. Nxd6+ { Black resigns } 1-0

[Event "ICC tourney 2219 (45 10)"]
[Site "Internet Chess Club"]
[Date "2020.12.19"]
[Round "3"]
[White "Chessking2008"]
[Black "GeorgeDai"]
[Result "1-0"]
[ICCResult "Black resigns"]
[WhiteElo "2197"]
[BlackElo "2060"]
[Opening "English: Mikenas-Carls variation"]
[ECO "A18"]
[NIC "EO.57"]
[Time "15:02:18"]
[PlyCount "53"]
[TimeControl "2700+10"]

1. c4 Nf6 2. Nc3 e6 3. e4 d5 4. cxd5 exd5 5. e5 Nfd7 6. d4 Nb6 7. Bd3 c5 8.
dxc5 Bxc5 9. Nf3 Bg4 10. h3 Bh5 11. O-O O-O 12. Be2 Nc6 13. Bf4 Re8 14. Re1
Bb4 15. a3 Bxc3 16. bxc3 Nc4 17. Qb3 Qa5 18. Qxb7 Rac8 19. Nd4 Nxd4 20.
Bxh5 g6 21. cxd4 gxh5 22. e6 fxe6 23. Rxe6 Rxe6 24. Qxc8+ Kf7 25. Qd7+ Re7
26. Qf5+ Kg7 27. Bh6+ { Black resigns } 1-0

[Event "ICC tourney 2219 (45 10)"]
[Site "Internet Chess Club"]
[Date "2020.12.19"]
[Round "3"]
[White "BranKing"]
[Black "mhebden"]
[Result "0-1"]
[ICCResult "White resigns"]
[WhiteElo "2102"]
[BlackElo "2503"]
[Opening "Two knights defense (Modern bishop's opening)"]
[ECO "C55"]
[NIC "IG.01"]
[Time "15:01:38"]
[PlyCount "106"]
[TimeControl "2700+10"]

1. e4 e5 2. Nf3 Nc6 3. Bc4 Nf6 4. d3 Be7 5. c3 O-O 6. Bb3 d5 7. Qe2 Re8 8.
h3 h6 9. Nbd2 a5 10. a4 Be6 11. Bc2 Nd7 12. g4 Nc5 13. Kf1 Qd7 14. Kg2 Rad8
15. Rd1 d4 16. Nf1 Nb3 17. Rb1 Nxc1 18. Rbxc1 Bg5 19. Nxg5 hxg5 20. Ng3 g6
21. Rh1 Qe7 22. Qd2 Qf6 23. f3 b6 24. Ne2 Kg7 25. c4 Qe7 26. b3 Rh8 27. Ng3
f6 28. Rh2 Rh4 29. Rf1 Qb4 30. Qxb4 Nxb4 31. Bb1 c6 32. Ne2 f5 33. exf5
gxf5 34. Ng3 Kf6 35. Re1 Re8 36. Nh5+ Rxh5 37. gxh5 f4 38. Kf2 Bf5 39. Ke2
Rh8 40. Kd2 c5 41. Reh1 Rxh5 42. Ke2 Rh4 43. Kd2 Nc6 44. Ke2 Ne7 45. Kf2
Be6 46. Kg2 Nf5 47. Ba2 Rh8 48. Bb1 Bd7 49. Ba2 Nh4+ 50. Kf2 Bc6 51. Bb1
Nxf3 52. Bc2 Nxh2 53. Rxh2 g4 { White resigns } 0-1

[Event "ICC tourney 2219 (45 10)"]
[Site "Internet Chess Club"]
[Date "2020.12.19"]
[Round "3"]
[White "Solidwrench2"]
[Black "zuz1209"]
[Result "0-1"]
[ICCResult "White resigns"]
[WhiteElo "1981"]
[BlackElo "2228"]
[Opening "Giuoco Piano"]
[ECO "C54"]
[NIC "IG.02"]
[Time "15:01:35"]
[PlyCount "56"]
[TimeControl "2700+10"]

1. e4 e5 2. Nf3 Nc6 3. Bc4 Bc5 4. c3 Nf6 5. d3 O-O 6. O-O d6 7. Nbd2 a5 8.
a4 h6 9. h3 Ba7 10. Re1 Ne7 11. Ba2 Ng6 12. d4 c6 13. Nf1 Qc7 14. Ng3 Re8
15. Bb1 Be6 16. Be3 Rad8 17. Qc2 Bb8 18. Nh2 d5 19. dxe5 Nxe4 20. Nxe4 dxe4
21. Qxe4 Bd5 22. Qc2 Rxe5 23. Ng4 Re4 24. f3 Rxg4 25. hxg4 Qh2+ 26. Kf1
Bc4+ 27. Re2 Qh1+ 28. Kf2 Bg3+ { White resigns } 0-1

[Event "ICC tourney 2219 (45 10)"]
[Site "Internet Chess Club"]
[Date "2020.12.19"]
[Round "3"]
[White "marble"]
[Black "Volkov"]
[Result "1/2-1/2"]
[ICCResult "Game drawn by mutual agreement"]
[WhiteElo "2537"]
[BlackElo "2607"]
[Opening "French: Tarrasch, closed variation"]
[ECO "C05"]
[NIC "FR.16"]
[Time "15:01:54"]
[PlyCount "87"]
[TimeControl "2700+10"]

1. e4 e6 2. d4 d5 3. Nd2 Nf6 4. e5 Nfd7 5. f4 c5 6. c3 Nc6 7. Ndf3 Qb6 8.
g3 a5 9. Ne2 a4 10. Bh3 a3 11. bxa3 cxd4 12. cxd4 Bxa3 13. O-O Bxc1 14.
Qxc1 O-O 15. Rf2 Qa7 16. Qb1 Nb6 17. f5 exf5 18. Bxf5 Bxf5 19. Qxf5 Ne7 20.
Qh5 h6 21. g4 Nc4 22. g5 g6 23. Qxh6 Nf5 24. Qh3 Nce3 25. Nh4 Qa3 26. Nxf5
Nxf5 27. Qxa3 Rxa3 28. Rb1 Rxa2 29. Nf4 Rxf2 30. Kxf2 Nxd4 31. Rxb7 Ne6 32.
Nxd5 Nxg5 33. h4 Ne6 34. h5 gxh5 35. Nf6+ Kg7 36. Nxh5+ Kg6 37. Ng3 Ra8 38.
Ne4 Ra2+ 39. Kg3 Ra3+ 40. Kf2 Nf4 41. Re7 Ra5 42. Kg3 Ne6 43. Nd6 Rxe5 44.
Nxf7 { Game drawn by mutual agreement } 1/2-1/2

[Event "ICC tourney 2219 (45 10)"]
[Site "Internet Chess Club"]
[Date "2020.12.19"]
[Round "3"]
[White "Leolix"]
[Black "drberkley"]
[Result "0-1"]
[ICCResult "White checkmated"]
[WhiteElo "1947"]
[BlackElo "1943"]
[Opening "Queen's pawn: London system"]
[ECO "A45"]
[NIC "QP.07"]
[Time "15:01:39"]
[PlyCount "66"]
[TimeControl "2700+10"]

1. d4 Nf6 2. Bf4 g6 3. Nc3 Bg7 4. e4 d6 5. Qd2 a6 6. O-O-O b5 7. Bd3 Nc6 8.
Nf3 Bg4 9. Qe3 O-O 10. d5 Ne5 11. Bxe5 dxe5 12. Kb1 Qd6 13. h4 h5 14. Rde1
Bd7 15. Nd2 Ng4 16. Qe2 Bh6 17. f3 Nf6 18. Reg1 c5 19. dxc6 Bxc6 20. Nf1 b4
21. Nd1 Bb5 22. Nf2 Rfd8 23. g4 Bf4 24. gxh5 Nxh5 25. Rg4 Bh6 26. Ng3 Nf4
27. Qf1 e6 28. Bxb5 axb5 29. Qxb5 Qd2 30. Nd3 Rxd3 31. Rc1 Qxc1+ 32. Kxc1
Ne2+ 33. Kb1 Rd1# { White checkmated } 0-1

[Event "ICC tourney 2219 (45 10)"]
[Site "Internet Chess Club"]
[Date "2020.12.19"]
[Round "3"]
[White "JQX2019"]
[Black "StayCalm"]
[Result "1/2-1/2"]
[ICCResult "Game drawn by repetition"]
[WhiteElo "1911"]
[BlackElo "2170"]
[Opening "King's Indian: 4.e4"]
[ECO "E70"]
[NIC "KI.31"]
[Time "15:01:59"]
[PlyCount "95"]
[TimeControl "2700+10"]

1. d4 Nf6 2. c4 g6 3. Nc3 Bg7 4. e4 d6 5. Bd3 O-O 6. Nge2 e5 7. d5 Na6 8.
f3 Nc5 9. Bc2 a5 10. Be3 Nh5 11. Qd2 Bd7 12. O-O-O a4 13. h4 Nf4 14. Nxf4
exf4 15. Bxf4 a3 16. Bh6 axb2+ 17. Kb1 Bxh6 18. Qxh6 Qf6 19. Qd2 Ra3 20.
Kxb2 Rfa8 21. Qd4 Qxd4 22. Rxd4 R3a6 23. Ra1 Rb6+ 24. Kc1 Rb4 25. Rb1 Rxb1+
26. Kxb1 Ra6 27. Kc1 Kg7 28. Kd2 Ra3 29. Bd1 Kf6 30. f4 Ba4 31. Bxa4 Nxa4
32. Nxa4 Rxa4 33. Ke3 Rxa2 34. Rd2 Ra3+ 35. Rd3 Ra4 36. Rc3 b6 37. Kf3 Ra1
38. Kf2 Ke7 39. Kf3 f6 40. Kf2 Kd7 41. Kf3 c5 42. Kf2 Kc7 43. g4 Rh1 44.
Kg3 Re1 45. Kf3 Rh1 46. Kg3 Re1 47. Kf3 Rh1 48. Kg3 { Game drawn by
repetition } 1/2-1/2

[Event "ICC tourney 2219 (45 10)"]
[Site "Internet Chess Club"]
[Date "2020.12.19"]
[Round "3"]
[White "MrNormalName"]
[Black "Monkeybomb3605"]
[Result "1-0"]
[ICCResult "Black resigns"]
[WhiteElo "2181"]
[BlackElo "2047"]
[Opening "King's Indian: Kazakh variation"]
[ECO "E91"]
[NIC "KI.19"]
[Time "15:02:32"]
[PlyCount "89"]
[TimeControl "2700+10"]

1. d4 Nf6 2. c4 g6 3. Nc3 Bg7 4. e4 d6 5. Nf3 O-O 6. Be2 Na6 7. O-O e5 8.
Be3 Ng4 9. Bg5 Qe8 10. dxe5 dxe5 11. Nd5 f6 12. Bd2 c6 13. Nc3 Be6 14. h3
Nh6 15. Be3 Qe7 16. Qd2 Nf7 17. Rad1 f5 18. exf5 gxf5 19. Qc2 f4 20. Bc1
Nd6 21. Bd3 h6 22. Qe2 Rae8 23. Bg6 Bf7 24. Bxf7+ Rxf7 25. Ne4 Nxe4 26.
Qxe4 Nc5 27. Qg6 Rf6 28. Qg4 a5 29. Rfe1 Re6 30. b3 Qf7 31. Nh4 Kh8 32. Ba3
Nd7 33. Qf5 Nf6 34. Rxe5 Rxe5 35. Ng6+ Kg8 36. Nxe5 Qe6 37. Qxe6+ Rxe6 38.
Nf3 Kf7 39. Kf1 Kg6 40. Bc1 Nh5 41. Rd7 b6 42. Nh4+ Kg5 43. g3 Bc3 44. Nf3+
Kf6 45. g4 { Black resigns } 1-0

[Event "ICC tourney 2219 (45 10)"]
[Site "Internet Chess Club"]
[Date "2020.12.19"]
[Round "3"]
[White "xiaoqixia"]
[Black "Pifischer"]
[Result "1-0"]
[ICCResult "Black checkmated"]
[WhiteElo "2174"]
[BlackElo "1976"]
[Opening "Four knights: Scotch, 4...exd4"]
[ECO "C47"]
[NIC "SO.03"]
[Time "15:01:50"]
[PlyCount "83"]
[TimeControl "2700+10"]

1. e4 e5 2. Nf3 Nc6 3. Nc3 Nf6 4. d4 exd4 5. Nxd4 Bb4 6. Nxc6 bxc6 7. Bd3
d5 8. exd5 cxd5 9. O-O O-O 10. Bg5 c6 11. Qf3 Bd6 12. Rae1 h6 13. Bxf6 Qxf6
14. Qxf6 gxf6 15. Ne2 c5 16. b3 Bd7 17. Ng3 Rfe8 18. Nh5 Be7 19. Re3 Be6
20. Rfe1 Kf8 21. Nf4 Bd6 22. Nxe6+ Rxe6 23. Rxe6 fxe6 24. Rxe6 Be7 25. Ra6
c4 26. bxc4 dxc4 27. Bxc4 Kg7 28. Bd5 Rb8 29. g3 Bc5 30. Rc6 Rb5 31. Bc4
Ra5 32. Rc7+ Kh8 33. Kg2 Bd4 34. Rd7 Bb2 35. f4 Bc3 36. Kf3 h5 37. Bb3 Bb2
38. Ke4 Bc3 39. Bd5 a6 40. Kf5 Rb5 41. Kg6 Rb8 42. Rh7# { Black checkmated
} 1-0

[Event "ICC tourney 2219 (45 10)"]
[Site "Internet Chess Club"]
[Date "2020.12.19"]
[Round "3"]
[White "PawnEatingZombi"]
[Black "KnightHopper"]
[Result "1-0"]
[ICCResult "Black checkmated"]
[WhiteElo "2197"]
[BlackElo "2039"]
[Opening "King's Indian: Semi-Averbakh system"]
[ECO "E73"]
[NIC "KI.27"]
[Time "15:01:38"]
[PlyCount "149"]
[TimeControl "2700+10"]

1. d4 Nf6 2. c4 g6 3. Nc3 Bg7 4. e4 d6 5. Be2 O-O 6. Be3 e5 7. d5 a5 8. g4
Na6 9. h4 Ne8 10. h5 f5 11. hxg6 hxg6 12. gxf5 gxf5 13. f3 Bf6 14. Nh3 Bh4+
15. Kd2 f4 16. Qg1+ Kf7 17. Bf2 Rg8 18. Qe1 Bg3 19. Bxg3 Rxg3 20. Nf2 Nf6
21. Rh2 Qg8 22. Qh1 Bd7 23. Rf1 Nc5 24. Nd3 Nxd3 25. Bxd3 Qg5 26. Kc2 Rg8
27. Ne2 Rg2 28. Rf2 Rxf2 29. Rxf2 Nh5 30. Rh2 Ng3 31. Qe1 Rg6 32. Qxa5 Nxe2
33. Bxe2 b6 34. Qa7 Qd8 35. b4 Rg7 36. c5 bxc5 37. bxc5 dxc5 38. Qxc5 Ba4+
39. Kc3 Kg8 40. Rh6 Qg5 41. Rh2 Qg3 42. Qf2 Qg6 43. Bc4 Qd6 44. Qb2 Kf7 45.
Qb4 Qxb4+ 46. Kxb4 Bd1 47. Be2 Rg1 48. Bxd1 Rxd1 49. a4 Ke7 50. Rc2 Kd7 51.
Rc3 Rb1+ 52. Kc5 Ra1 53. Kb5 Rb1+ 54. Ka6 Kc8 55. a5 Kb8 56. Rc6 Rb7 57.
Re6 Ra7+ 58. Kb5 Rb7+ 59. Ka4 Rb1 60. Rxe5 Rf1 61. Kb5 Rxf3 62. Kc6 Rc3+
63. Kd7 f3 64. Rf5 Ra3 65. e5 Rxa5 66. e6 f2 67. e7 Rxd5+ 68. Rxd5 f1=Q 69.
e8=Q+ Ka7 70. Qe3+ Kb7 71. Qb3+ Ka6 72. Qa4+ Kb6 73. Qb4+ Qb5+ 74. Rxb5+
Ka7 75. Ra5# { Black checkmated } 1-0

[Event "ICC tourney 2219 (45 10)"]
[Site "Internet Chess Club"]
[Date "2020.12.19"]
[Round "4"]
[White "PawnEatingZombi"]
[Black "Chessking2008"]
[Result "1/2-1/2"]
[ICCResult "Game drawn by mutual agreement"]
[WhiteElo "2197"]
[BlackElo "2197"]
[Opening "Nimzo-Indian: classical variation"]
[ECO "E32"]
[NIC "NI.24"]
[Time "17:31:38"]
[PlyCount "47"]
[TimeControl "2700+10"]

1. d4 Nf6 2. c4 e6 3. Nc3 Bb4 4. Qc2 O-O 5. e4 d5 6. e5 Ne4 7. Bd3 c5 8.
Nf3 cxd4 9. Nxd4 Nd7 10. Bf4 Qh4 11. g3 Qh5 12. h4 Nxc3 13. bxc3 Be7 14.
Be2 Qg6 15. cxd5 Qxc2 16. Nxc2 exd5 17. O-O-O Nb6 18. Ne3 Be6 19. Bf3 Rfd8
20. Rd3 h6 21. h5 Rac8 22. Kd2 Nc4+ 23. Ke2 Nxe3 24. Bxe3 { Game drawn by
mutual agreement } 1/2-1/2

[Event "ICC tourney 2219 (45 10)"]
[Site "Internet Chess Club"]
[Date "2020.12.19"]
[Round "4"]
[White "mhebden"]
[Black "phoenix10q72"]
[Result "1-0"]
[ICCResult "Black resigns"]
[WhiteElo "2503"]
[BlackElo "2264"]
[Opening "Queen's pawn game"]
[ECO "A46"]
[NIC "QP.06"]
[Time "17:31:28"]
[PlyCount "89"]
[TimeControl "2700+10"]

1. d4 Nf6 2. Nf3 e6 3. c3 c5 4. Bg5 Be7 5. Nbd2 b6 6. e4 d6 7. Bb5+ Nfd7 8.
Bxe7 Qxe7 9. O-O O-O 10. e5 d5 11. Qe2 a6 12. Bd3 Nc6 13. a3 b5 14. Rac1
Bb7 15. dxc5 Nxc5 16. Bb1 Rad8 17. Nd4 Na4 18. N2b3 f6 19. exf6 Rxf6 20. f4
Rdf8 21. g3 Qd6 22. Rce1 Bc8 23. Nxc6 Qxc6 24. Nd4 Qc5 25. Bc2 Nb6 26. Bd3
g6 27. Qe5 Na4 28. Rf2 Bd7 29. Nb3 Qb6 30. Re2 Qb8 31. Qd4 Qc7 32. Re5 R6f7
33. h4 Rg7 34. Rfe2 a5 35. Kh2 b4 36. cxb4 axb4 37. axb4 Rb8 38. b5 Nb6 39.
Nc5 Re7 40. h5 Be8 41. Na6 Qc8 42. Nxb8 Qxb8 43. Rxe6 Rxe6 44. Rxe6 Na8 45.
h6 { Black resigns } 1-0

[Event "ICC tourney 2219 (45 10)"]
[Site "Internet Chess Club"]
[Date "2020.12.19"]
[Round "4"]
[White "drberkley"]
[Black "breaker90"]
[Result "1-0"]
[ICCResult "Black resigns"]
[WhiteElo "1943"]
[BlackElo "2112"]
[Opening "Vienna gambit"]
[ECO "C29"]
[NIC "VG.03"]
[Time "17:32:26"]
[PlyCount "41"]
[TimeControl "2700+10"]

1. e4 e5 2. Nc3 Nf6 3. f4 d5 4. fxe5 Nxe4 5. Nf3 c5 6. Qe2 Nxc3 7. dxc3 Nc6
8. Bf4 Qa5 9. a3 d4 10. Bd2 Qc7 11. cxd4 cxd4 12. O-O-O Be7 13. Bf4 Bg4 14.
h3 Bxf3 15. gxf3 O-O 16. Qe4 Rad8 17. Bd3 g6 18. h4 Qa5 19. h5 Qc5 20. hxg6
fxg6 21. Rxh7 { Black resigns } 1-0

[Event "ICC tourney 2219 (45 10)"]
[Site "Internet Chess Club"]
[Date "2020.12.19"]
[Round "4"]
[White "RG2017"]
[Black "Drachekokosnuss"]
[Result "1/2-1/2"]
[ICCResult "Game drawn by mutual agreement"]
[WhiteElo "1989"]
[BlackElo "2100"]
[Opening "King's Indian: Kazakh variation"]
[ECO "E91"]
[NIC "KI.19"]
[Time "17:31:32"]
[PlyCount "70"]
[TimeControl "2700+10"]

1. d4 Nf6 2. c4 g6 3. Nc3 Bg7 4. e4 d6 5. Nf3 O-O 6. Be2 Na6 7. O-O e5 8.
Be3 Ng4 9. Bg5 Qe8 10. h3 h6 11. Bh4 Nf6 12. Bxf6 Bxf6 13. c5 dxc5 14. Bxa6
bxa6 15. Nd5 Qd8 16. dxe5 Bg7 17. Qc2 c6 18. Ne3 Qe7 19. Nc4 Be6 20. Rac1
Bxc4 21. Qxc4 Bxe5 22. Nxe5 Qxe5 23. b3 Rfd8 24. Qxc5 Qxe4 25. Qxc6 Qe2 26.
Rc2 Qd3 27. Rfc1 Rac8 28. Qxc8 Rxc8 29. Rxc8+ Kg7 30. R8c7 Qd2 31. R7c2 Qd3
32. Rb2 a5 33. Rbb1 Qd2 34. a4 Qd3 35. Rd1 Qc2 { Game drawn by mutual
agreement } 1/2-1/2

[Event "ICC tourney 2219 (45 10)"]
[Site "Internet Chess Club"]
[Date "2020.12.19"]
[Round "4"]
[White "GeorgeDai"]
[Black "JQX2019"]
[Result "1/2-1/2"]
[ICCResult "Game drawn by mutual agreement"]
[WhiteElo "2060"]
[BlackElo "1911"]
[Opening "Queen's Indian: Petrosian system"]
[ECO "E12"]
[NIC "QI.04"]
[Time "17:31:45"]
[PlyCount "56"]
[TimeControl "2700+10"]

1. d4 Nf6 2. Nf3 e6 3. c4 b6 4. a3 Ba6 5. Qc2 c5 6. Bg5 Be7 7. e3 Bb7 8.
Bd3 h6 9. Bf4 Nc6 10. h3 O-O 11. Nc3 cxd4 12. exd4 d5 13. cxd5 Nxd5 14.
Nxd5 Qxd5 15. Qc4 Qxc4 16. Bxc4 Na5 17. Ba2 Rfd8 18. b4 Bxf3 19. gxf3 Nc6
20. d5 exd5 21. Rd1 d4 22. Rg1 Kf8 23. b5 Na5 24. Be5 f6 25. Bxd4 Bxa3 26.
Bxf6 Bb4+ 27. Ke2 gxf6 28. Rg8+ Ke7 { Game drawn by mutual agreement }
1/2-1/2

[Event "ICC tourney 2219 (45 10)"]
[Site "Internet Chess Club"]
[Date "2020.12.19"]
[Round "4"]
[White "Pifischer"]
[Black "MrNormalName"]
[Result "0-1"]
[ICCResult "White resigns"]
[WhiteElo "1976"]
[BlackElo "2181"]
[Opening "Four knights: Scotch, 4...exd4"]
[ECO "C47"]
[NIC "SO.03"]
[Time "17:32:24"]
[PlyCount "46"]
[TimeControl "2700+10"]

1. e4 e5 2. Nf3 Nc6 3. Nc3 Nf6 4. d4 exd4 5. Nxd4 Bb4 6. Nxc6 bxc6 7. Bd3
d5 8. exd5 O-O 9. O-O cxd5 10. Bg5 c6 11. Qf3 Rb8 12. Qg3 Bd6 13. Qh4 h6
14. Bxh6 Rb4 15. f4 Ne4 16. Qh5 gxh6 17. Rae1 Re8 18. Bxe4 dxe4 19. Kh1 Qf6
20. g4 Qg6 21. Qh4 Ba6 22. Rf2 e3 23. f5 Qg5 { White resigns } 0-1

[Event "ICC tourney 2219 (45 10)"]
[Site "Internet Chess Club"]
[Date "2020.12.19"]
[Round "4"]
[White "KnightHopper"]
[Black "Solidwrench2"]
[Result "1-0"]
[ICCResult "Black resigns"]
[WhiteElo "2039"]
[BlackElo "1981"]
[Opening "Sicilian: Sozin, not Scheveningen"]
[ECO "B57"]
[NIC "SI.25"]
[Time "17:31:33"]
[PlyCount "67"]
[TimeControl "2700+10"]

1. e4 c5 2. Nf3 d6 3. d4 cxd4 4. Nxd4 Nf6 5. Nc3 Nc6 6. Bc4 Bd7 7. Be3 Ng4
8. Nxc6 bxc6 9. Bc1 g6 10. h3 Ne5 11. Bb3 c5 12. f4 Nc6 13. O-O Bg7 14. Ne2
O-O 15. Be3 Rb8 16. c3 Na5 17. f5 Bc6 18. fxg6 hxg6 19. Ng3 c4 20. Bc2 Rxb2
21. Qc1 Rb7 22. Bh6 Qb6+ 23. Kh1 Bxh6 24. Qxh6 Qb2 25. Rf3 Qxa1+ 26. Kh2
Rb5 27. Nf5 Rxf5 28. exf5 Qe1 29. fxg6 Qe5+ 30. Rg3 Qh8 31. Qxh8+ Kxh8 32.
g7+ Kg8 33. Bh7+ Kxh7 34. gxf8=Q { Black resigns } 1-0

[Event "ICC tourney 2219 (45 10)"]
[Site "Internet Chess Club"]
[Date "2020.12.19"]
[Round "4"]
[White "Monkeybomb3605"]
[Black "Leolix"]
[Result "1/2-1/2"]
[ICCResult "Game drawn by mutual agreement"]
[WhiteElo "2047"]
[BlackElo "1947"]
[Opening "Sicilian: Najdorf, Byrne (English) attack"]
[ECO "B90"]
[NIC "SI.14"]
[Time "17:31:30"]
[PlyCount "100"]
[TimeControl "2700+10"]

1. e4 c5 2. Nf3 d6 3. d4 cxd4 4. Nxd4 Nf6 5. Nc3 a6 6. Be3 e5 7. Nf3 Be7 8.
Nd2 b5 9. a4 b4 10. Nd5 Nxd5 11. exd5 O-O 12. a5 Nd7 13. Nc4 Bg5 14. Nxd6
Bxe3 15. fxe3 Nf6 16. Nxc8 Qxc8 17. Bd3 Qc5 18. e4 Qd4 19. Qe2 Rfd8 20. Qf2
Qxb2 21. O-O Qc3 22. Rab1 Rf8 23. h3 Rfb8 24. Rb3 Qc7 25. Ra1 Nd7 26. Qd2
Qc5+ 27. Kh2 Qd4 28. Rab1 Nc5 29. Rxb4 Rxb4 30. Rxb4 Qa1 31. Rc4 Nb7 32.
Qc3 Qxc3 33. Rxc3 Nxa5 34. Ra3 Nb7 35. Rxa6 Rxa6 36. Bxa6 Nc5 37. Bd3 Kf8
38. Kg3 Ke7 39. Kg4 Kf6 40. g3 g6 41. h4 h5+ 42. Kf3 Ke7 43. g4 Kd6 44.
gxh5 gxh5 45. Ke3 Nd7 46. Be2 Nf6 47. Kd3 Kc5 48. Bf3 Kb5 49. Kc3 Kc5 50.
Kd3 Kb5 { Game drawn by mutual agreement } 1/2-1/2